| TOP OF THE 1ST |
|
Biloxi Shuckers batting - Pitching for Columbia Fireflies : RHP Zhao-ying Joe
|
|
Pitching: RHP Zhao-ying Joe
|
|
|
Batting: RHB Nick Cummings
|
0-0: Foul Ball, location: 2F 0-1: Swinging Strike 0-2: Ball 1-2: Ball 2-2: Ball 3-2: Foul Ball, location: 2F 3-2: Fly out, F3 (Popup, 3SF, EV 75.0 MPH)
|
|
Batting: SHB Mike Williams
|
0-0: Swinging Strike 0-1: Ball 1-1: Called Strike 1-2: Foul Ball, location: 2F 1-2: Strikes out swinging
|
|
Batting: RHB Steve Byerly
|
0-0: Foul Ball, location: 2F 0-1: Swinging Strike 0-2: Strikes out looking
|
| Top of the 1st over - 0 runs, 0 hits, 0 errors, 0 left on base; Biloxi 0 - Columbia 0 |
| BOTTOM OF THE 1ST |
|
Columbia Fireflies batting - Pitching for Biloxi Shuckers : RHP Travis Bieberich
|
|
Pitching: RHP Travis Bieberich
|
|
|
Batting: SHB Jason Larson
|
0-0: Called Strike 0-1: Swinging Strike 0-2: Ball 1-2: SINGLE (Line Drive, 4D, EV 95.0 MPH)
|
|
Batting: RHB Zhao-ying Joe
|
0-0: Called Strike 0-1: Ball 1-1: Ball Jason Larson steals 2nd base (no throw) 2-1: Foul Ball, location: 2F 2-2: Strikes out swinging
|
|
Batting: LHB Dan Bremseth
|
0-0: Ball Jason Larson steals 3rd base 1-0: Ball 2-0: Foul Ball, location: 2F 2-1: Ball 3-1: Called Strike 3-2: TRIPLE (Flyball, 89XD, EV 89.4 MPH) Jason Larson scores
|
|
Batting: LHB Tony Leyba
|
0-0: Ball 1-0: Foul Ball, location: 2F 1-1: Ball 2-1: Ball Wild Pitch! Dan Bremseth scores 3-1: Foul Ball, location: 2F 3-2: Ground out 6-3 (Groundball, 6S, EV 90.6 MPH)
|
|
Batting: SHB Justin Wallace
|
0-0: Called Strike 0-1: SINGLE (Groundball, 56D, EV 95.0 MPH)
|
|
Batting: RHB Artyom Shavkunov
|
0-0: Called Strike 0-1: Ball 1-1: Ball 2-1: Ball 3-1: Called Strike 3-2: Base on Balls Justin Wallace to second
|
|
Batting: RHB Jake Geib
|
0-0: Ball 1-0: Called Strike 1-1: Ball 2-1: Swinging Strike 2-2: Ball 3-2: Fly out, F7 (Flyball, 7S, EV 75.0 MPH)
|
| Bottom of the 1st over - 2 runs, 3 hits, 0 errors, 2 left on base; Biloxi 0 - Columbia 2 |
| TOP OF THE 2ND |
|
Biloxi Shuckers batting - Pitching for Columbia Fireflies : RHP Zhao-ying Joe
|
|
Batting: RHB John Freeman
|
0-0: Hit by Pitch
|
|
Batting: RHB Cameron Rattenbury
|
0-0: Ball 1-0: Foul Ball, location: 2F 1-1: Fielders Choice at 2nd, 6-4 (Groundball, 6, EV 90.6 MPH)
|
|
Batting: RHB Skyler Goss
|
0-0: Grounds into double play, 6-4-3 (Groundball, 56, EV 87.5 MPH)
|
| Top of the 2nd over - 0 runs, 0 hits, 0 errors, 0 left on base; Biloxi 0 - Columbia 2 |
| BOTTOM OF THE 2ND |
|
Columbia Fireflies batting - Pitching for Biloxi Shuckers : RHP Travis Bieberich
|
|
Batting: RHB Dan Muse
|
0-0: SOLO HOME RUN (Flyball, 78XD, EV 98.8 MPH), Distance : 410 ft
|
|
Batting: SHB Callum Lynch
|
0-0: Called Strike 0-1: Ball 1-1: Ball 2-1: Ball 3-1: Foul Ball, location: 2F 3-2: SINGLE (Line Drive, 7S, EV 96.2 MPH)
|
|
Batting: SHB Jason Larson
|
0-0: Ball 1-0: Called Strike 1-1: Ball 2-1: Ball 3-1: Called Strike 3-2: SINGLE (Groundball, 6D, EV 95.6 MPH) Callum Lynch to second Callum Lynch to third
|
|
Batting: RHB Zhao-ying Joe
|
0-0: Called Strike 0-1: Ball Jason Larson is caught stealing 2nd base 2-4 1-1: Foul Ball, location: 2F 1-2: Ball 2-2: Strikes out swinging
|
|
Batting: LHB Dan Bremseth
|
0-0: Called Strike 0-1: Foul Ball, location: 2F 0-2: Strikes out swinging
|
| Bottom of the 2nd over - 1 run, 3 hits, 0 errors, 1 left on base; Biloxi 0 - Columbia 3 |
| TOP OF THE 3RD |
|
Biloxi Shuckers batting - Pitching for Columbia Fireflies : RHP Zhao-ying Joe
|
|
Batting: RHB Brian Landrum
|
0-0: Called Strike 0-1: Called Strike 0-2: Strikes out swinging
|
|
Batting: LHB Aaron Mobley
|
0-0: Called Strike 0-1: Ball 1-1: Swinging Strike 1-2: Strikes out swinging
|
|
Batting: RHB Leo Serrano
|
0-0: Ball 1-0: Ball 2-0: Ball 3-0: Called Strike 3-1: Base on Balls
|
|
Batting: RHB Nick Cummings
|
0-0: Fly out, F9 (Flyball, 89D, EV 100.6 MPH)
|
| Top of the 3rd over - 0 runs, 0 hits, 0 errors, 1 left on base; Biloxi 0 - Columbia 3 |
| BOTTOM OF THE 3RD |
|
Columbia Fireflies batting - Pitching for Biloxi Shuckers : RHP Travis Bieberich
|
|
Batting: LHB Tony Leyba
|
0-0: Ball 1-0: Ground out 6-3 (Groundball, 6, EV 89.4 MPH)
|
|
Batting: SHB Justin Wallace
|
0-0: Swinging Strike 0-1: Called Strike 0-2: Ball 1-2: Ball 2-2: SINGLE (Groundball, 34D, EV 97.5 MPH)
|
|
Batting: RHB Artyom Shavkunov
|
0-0: SINGLE (Groundball, 4MD, EV 110.0 MPH) Justin Wallace to second Throwing error, E8 Justin Wallace scores Artyom Shavkunov to second
|
|
Batting: RHB Jake Geib
|
0-0: Called Strike 0-1: Called Strike 0-2: Foul Ball, location: 2F 0-2: Ball 1-2: Strikes out looking
|
|
Batting: RHB Dan Muse
|
0-0: Swinging Strike 0-1: Hit by Pitch
|
|
Batting: SHB Callum Lynch
|
0-0: Ball 1-0: Foul Ball, location: 2F 1-1: Ball 2-1: Ball 3-1: Ground out 5-3 (Groundball, 56, EV 109.4 MPH)
|
| Bottom of the 3rd over - 1 run, 2 hits, 1 error, 2 left on base; Biloxi 0 - Columbia 4 |
| TOP OF THE 4TH |
|
Biloxi Shuckers batting - Pitching for Columbia Fireflies : RHP Zhao-ying Joe
|
|
Batting: SHB Mike Williams
|
0-0: Ground out 6-3 (Groundball, 6, EV 81.2 MPH)
|
|
Batting: RHB Steve Byerly
|
0-0: Foul Ball, location: 2F 0-1: Ball 1-1: Ball 2-1: Reached on error, E3 (Groundball, 34, EV 102.5 MPH)
|
|
Batting: RHB John Freeman
|
0-0: Called Strike 0-1: Ball 1-1: Ball 2-1: Ball 3-1: Foul Ball, location: 2F 3-2: Strikes out swinging
|
|
Batting: RHB Cameron Rattenbury
|
0-0: Called Strike Steve Byerly is caught stealing 2nd base 2-4
|
| Top of the 4th over - 0 runs, 0 hits, 1 error, 0 left on base; Biloxi 0 - Columbia 4 |
| BOTTOM OF THE 4TH |
|
Columbia Fireflies batting - Pitching for Biloxi Shuckers : RHP Travis Bieberich
|
|
Batting: SHB Jason Larson
|
0-0: Called Strike 0-1: Ball 1-1: Foul Ball, location: 2F 1-2: Ball 2-2: Ball 3-2: Foul Ball, location: 2F 3-2: Foul Ball, location: 2F 3-2: Base on Balls
|
|
Batting: RHB Zhao-ying Joe
|
0-0: Called Strike Jason Larson steals 2nd base 0-1: Swinging Strike 0-2: Ball 1-2: Ball 2-2: Single, Error in OF, E7, batter to second base (Groundball, 56D, EV 101.2 MPH) Jason Larson scores
|
|
Pitching: RHP Junzo Yanagisawa
|
|
|
Batting: LHB Dan Bremseth
|
0-0: Called Strike 0-1: 2-RUN HOME RUN (Flyball, 9D, EV 94.4 MPH), Distance : 351 ft
|
|
Batting: LHB Tony Leyba
|
0-0: Swinging Strike 0-1: Foul Ball, location: 2F 0-2: Ball 1-2: Strikes out looking
|
|
Batting: SHB Justin Wallace
|
0-0: Called Strike 0-1: Ball 1-1: Ball 2-1: Ground out 4-3 (Groundball, 34, EV 88.8 MPH)
|
|
Batting: RHB Artyom Shavkunov
|
0-0: Ball 1-0: Ball 2-0: Called Strike 2-1: Called Strike 2-2: Strikes out swinging
|
| Bottom of the 4th over - 3 runs, 2 hits, 1 error, 0 left on base; Biloxi 0 - Columbia 7 |
| TOP OF THE 5TH |
|
Biloxi Shuckers batting - Pitching for Columbia Fireflies : RHP Zhao-ying Joe
|
|
Batting: RHB Cameron Rattenbury
|
0-0: Swinging Strike 0-1: Ball 1-1: Foul Ball, location: 2F 1-2: Ball 2-2: Strikes out swinging
|
|
Batting: RHB Skyler Goss
|
0-0: Ground out 5-3 (Groundball, 56, EV 86.9 MPH)
|
|
Batting: RHB Brian Landrum
|
0-0: Foul Ball, location: 2F 0-1: Swinging Strike 0-2: DOUBLE (Line Drive, 78M, EV 92.5 MPH)
|
|
Batting: LHB Aaron Mobley
|
0-0: Fly out, F7 (Flyball, 7, EV 89.4 MPH)
|
| Top of the 5th over - 0 runs, 1 hit, 0 errors, 1 left on base; Biloxi 0 - Columbia 7 |
| BOTTOM OF THE 5TH |
|
Columbia Fireflies batting - Pitching for Biloxi Shuckers : RHP Junzo Yanagisawa
|
|
Batting: RHB Jake Geib
|
0-0: Fly out, F7 (Flyball, 7, EV 92.5 MPH)
|
|
Batting: RHB Dan Muse
|
0-0: Called Strike 0-1: Ball 1-1: Ball 2-1: Ground out 1-3 (Groundball, 15S, EV 63.8 MPH)
|
|
Batting: SHB Callum Lynch
|
0-0: Ball 1-0: Foul Ball, location: 2F 1-1: Called Strike 1-2: Ball 2-2: Ground out 5-3 (Groundball, 5L, EV 83.1 MPH)
|
| Bottom of the 5th over - 0 runs, 0 hits, 0 errors, 0 left on base; Biloxi 0 - Columbia 7 |
| TOP OF THE 6TH |
|
Biloxi Shuckers batting - Pitching for Columbia Fireflies : RHP Zhao-ying Joe
|
|
Batting: RHB Leo Serrano
|
0-0: Foul Ball, location: 2F 0-1: Ball 1-1: SINGLE (Flyball, 3D, EV 96.9 MPH)
|
|
Batting: RHB Nick Cummings
|
0-0: Called Strike Leo Serrano steals 2nd base 0-1: Foul Ball, location: 2F 0-2: Strikes out swinging
|
|
Batting: SHB Mike Williams
|
0-0: Called Strike 0-1: SINGLE (Groundball, 3S, EV 71.2 MPH) (infield hit) Leo Serrano to third
|
|
Batting: RHB Steve Byerly
|
0-0: Ball Mike Williams steals 2nd base 1-0: Swinging Strike 1-1: Ball 2-1: Foul Ball, location: 2F 2-2: Strikes out swinging
|
|
Batting: RHB John Freeman
|
0-0: Called Strike 0-1: Called Strike 0-2: Foul Ball, location: 2F 0-2: Ball 1-2: DOUBLE (Line Drive, 9LS, EV 106.2 MPH) Leo Serrano scores Mike Williams scores
|
|
Batting: RHB Cameron Rattenbury
|
0-0: Ball Wild Pitch! John Freeman to third 1-0: Ground out 5-3 (Groundball, 56, EV 85.0 MPH)
|
| Top of the 6th over - 2 runs, 3 hits, 0 errors, 1 left on base; Biloxi 2 - Columbia 7 |
| BOTTOM OF THE 6TH |
|
Columbia Fireflies batting - Pitching for Biloxi Shuckers : RHP Junzo Yanagisawa
|
|
Batting: SHB Jason Larson
|
0-0: Called Strike 0-1: Fly out, F8 (Flyball, 8RM, EV 88.8 MPH)
|
|
Batting: RHB Zhao-ying Joe
|
0-0: Ball 1-0: SINGLE (Line Drive, 34D, EV 101.2 MPH)
|
|
Batting: LHB Dan Bremseth
|
0-0: Called Strike 0-1: Called Strike 0-2: Ball Zhao-ying Joe is caught stealing 2nd base 2-6 1-2: Strikes out looking
|
| Bottom of the 6th over - 0 runs, 1 hit, 0 errors, 0 left on base; Biloxi 2 - Columbia 7 |
| TOP OF THE 7TH |
|
Biloxi Shuckers batting - Pitching for Columbia Fireflies : RHP Zhao-ying Joe
|
|
Batting: RHB Skyler Goss
|
0-0: Ball 1-0: Ball 2-0: Ball 3-0: Base on Balls
|
|
Batting: RHB Brian Landrum
|
0-0: Swinging Strike 0-1: Ball 1-1: Ball 2-1: SINGLE (Groundball, 4M, EV 106.2 MPH) (infield hit) Skyler Goss to second
|
|
Batting: LHB Aaron Mobley
|
0-0: Called Strike 0-1: Foul Ball, location: 2F 0-2: Foul Ball, location: 2F 0-2: Ball 1-2: Foul Ball, location: 2F 1-2: Reached on error, E3 (Groundball, 34, EV 106.2 MPH) Skyler Goss to third Brian Landrum to second
|
|
Batting: RHB Leo Serrano
|
0-0: Called Strike 0-1: Ball Wild Pitch! Skyler Goss scores Brian Landrum to third Aaron Mobley to second 1-1: Ground out 5-3 (Groundball, 56, EV 102.5 MPH) Brian Landrum scores
|
|
Batting: RHB Nick Cummings
|
0-0: Ball 1-0: Swinging Strike 1-1: Ball 2-1: Ball 3-1: Swinging Strike 3-2: Fly out, F5 (Popup, 5SF, EV 65.0 MPH)
|
|
Pitching: RHP Wei-hong Qi
|
|
|
Batting: SHB Mike Williams
|
0-0: Called Strike 0-1: Hit by Pitch
|
|
Batting: RHB Steve Byerly
|
0-0: Ball 1-0: Foul Ball, location: 2F 1-1: Fly out, F9 (Flyball, 89S, EV 85.0 MPH)
|
| Top of the 7th over - 2 runs, 1 hit, 1 error, 2 left on base; Biloxi 4 - Columbia 7 |
| BOTTOM OF THE 7TH |
|
Columbia Fireflies batting - Pitching for Biloxi Shuckers : RHP Junzo Yanagisawa
|
|
Pitching: LHP Trevor Sharp
|
|
|
Batting: LHB Tony Leyba
|
0-0: Called Strike 0-1: Ball 1-1: Fly out, F8 (Flyball, 8LD, EV 102.5 MPH)
|
|
Batting: SHB Justin Wallace
|
0-0: Called Strike 0-1: Foul Ball, location: 2F 0-2: DOUBLE (Flyball, 89D, EV 88.1 MPH)
|
|
Batting: RHB Artyom Shavkunov
|
0-0: Called Strike 0-1: Ball 1-1: Foul Ball, location: 2F 1-2: Foul Ball, location: 2F 1-2: Strikes out swinging
|
|
Batting: RHB Jake Geib
|
0-0: Intentional Walk
|
|
Batting: RHB Dan Muse
|
0-0: Ball 1-0: Foul Ball, location: 2F 1-1: SINGLE (Groundball, 6MD, EV 106.9 MPH) (infield hit) Justin Wallace to third Jake Geib to second
|
|
Batting: SHB Callum Lynch
|
0-0: Foul Ball, location: 2F 0-1: Ball 1-1: DOUBLE (Line Drive, 89D, EV 113.8 MPH) Justin Wallace scores Jake Geib scores Dan Muse to third Runner from 3rd tries for Home, SAFE, no throw by CF
|
|
Pitching: RHP Eddie Becerra
|
|
|
Batting: SHB Jason Larson
|
0-0: Ball 1-0: Ball 2-0: Swinging Strike 2-1: Ball 3-1: Fly out, F8 (Flyball, 89M, EV 91.9 MPH)
|
| Bottom of the 7th over - 3 runs, 3 hits, 0 errors, 1 left on base; Biloxi 4 - Columbia 10 |
| TOP OF THE 8TH |
|
Biloxi Shuckers batting - Pitching for Columbia Fireflies : RHP Wei-hong Qi
|
|
Batting: RHB John Freeman
|
0-0: Ball 1-0: Ball 2-0: Ground out 4-3 (Groundball, 4S, EV 93.8 MPH)
|
|
Batting: RHB Cameron Rattenbury
|
0-0: Ball 1-0: Ball 2-0: Called Strike 2-1: Foul Ball, location: 2F 2-2: Foul Ball, location: 2F 2-2: Strikes out swinging
|
|
Batting: RHB Skyler Goss
|
0-0: Ground out 4-3 (Groundball, 34, EV 101.9 MPH)
|
| Top of the 8th over - 0 runs, 0 hits, 0 errors, 0 left on base; Biloxi 4 - Columbia 10 |
| BOTTOM OF THE 8TH |
|
Columbia Fireflies batting - Pitching for Biloxi Shuckers : RHP Eddie Becerra
|
|
Batting: RHB Zhao-ying Joe
|
0-0: Ball 1-0: Ball 2-0: Ball 3-0: Called Strike 3-1: Ground out 1-3 (Groundball, 15, EV 62.5 MPH)
|
|
Batting: LHB Dan Bremseth
|
0-0: Foul Ball, location: 2F 0-1: Called Strike 0-2: Ball 1-2: Ball 2-2: Foul Ball, location: 2F 2-2: Ground out 4-3 (Groundball, 4, EV 107.5 MPH)
|
|
Batting: LHB Tony Leyba
|
0-0: Called Strike 0-1: Foul Ball, location: 2F 0-2: Strikes out swinging, 2-3 out at first.
|
| Bottom of the 8th over - 0 runs, 0 hits, 0 errors, 0 left on base; Biloxi 4 - Columbia 10 |
| TOP OF THE 9TH |
|
Biloxi Shuckers batting - Pitching for Columbia Fireflies : RHP Wei-hong Qi
|
|
Batting: RHB Brian Landrum
|
0-0: Called Strike 0-1: Ground out 6-3 (Groundball, 6, EV 85.6 MPH)
|
|
Batting: LHB Aaron Mobley
|
0-0: Fly out, F9 (Line Drive, 9, EV 92.5 MPH)
|
|
Batting: RHB Leo Serrano
|
0-0: Called Strike 0-1: Called Strike 0-2: Foul Ball, location: 2F 0-2: Ball 1-2: Ball 2-2: Ball 3-2: Strikes out swinging
|
| Top of the 9th over - 0 runs, 0 hits, 0 errors, 0 left on base; Biloxi 4 - Columbia 10 |
|